 Dungeon Sprint DCSS version 0.28-a0-863-g8cecda6153 (webtiles) character file.

Game seed: 9521798262373637054

24 Htamos the Shield-Bearer (level 2, -17/27 HPs)
             Began as a Demigod Fighter on Nov 18, 2021.
             Demolished by an ogre (28 damage)
             ... in the Dungeon (Sprint I: "Red Sonja").
             The game lasted 00:00:20 (24 turns).

Htamos the Shield-Bearer (Demigod Fighter)            Turns: 24, Time: 00:00:21

Health: -17/27     AC:  7    Str: 17    XL:     2   Next: 60%
Magic:  4/4        EV:  9    Int: 10    God:
Gold:   0          SH:  5    Dex: 13    Spells: 1/1 levels left

rFire   . . .      SeeInvis .   a - +0 flail
rCold   . . .      Faith    .   c - +0 buckler
rNeg    . . .      Spirit   .   b - +0 scale mail
rPois   .          Reflect  .   (no helmet)
rElec   .          Harm     .   (no cloak)
rCorr   .          Rampage  .   (no gloves)
Will    .....      NoTele   +   (no boots)
Stlth   ..........              (no amulet)
HPRegen 0.09/turn               (no ring)
MPRegen 0.09/turn               (no ring)

@: on berserk cooldown, slowed, very slow
A: high mp 1, forlorn
a: no special abilities


You were in the Dungeon.
You visited 1 branch

Inventory:

Hand Weapons
 a - a +0 flail (weapon)
Armour
 b - a +0 scale mail (worn)
 c - a +0 buckler (worn)
Scrolls
 j - a scroll of blinking
Potions
 d - a potion of might
 e - a potion of curing {@qc}
 f - a potion of heal wounds
 g - a potion of haste
 h - 2 potions of magic


   Skills:
 + Level 3.7 Fighting
 + Level 3.0 Maces & Flails
 + Level 3.7 Armour
 + Level 3.7 Shields


You had one spell level left.
You didn't know any spells.
Your spell library was empty.

Dungeon Overview and Level Annotations

Branches:
Dungeon (1/1)


Innate Abilities, Weirdness & Mutations

Your attributes grow dramatically as you level up.
You have an increased reservoir of magic. (+10% MP)
You shall have no god before yourself.


Message History

You closely miss Ijyb.
Ijyb is heavily wounded.
You barely miss Ijyb.
Ijyb is heavily wounded.
Ijyb hits you with a +0 club.
* * * LOW HITPOINT WARNING * * *
You sock Ijyb!
Ijyb is almost dead.
Ijyb grins evilly.
Ijyb closely misses you.
You barely miss Ijyb.
Ijyb is almost dead.
Ijyb closely misses you.
You closely miss Ijyb.
Ijyb is almost dead.
Ijyb hits you but does no damage.
You barely miss Ijyb.
Ijyb is almost dead.
Ijyb hits you but does no damage.
You hit Ijyb.
You kill Ijyb!
Your Fighting skill increases to level 3!
Your Maces & Flails skill gained 2 levels and is now at level 3!
Your Armour skill increases to level 3!
Your Shields skill increases to level 3!
You have reached level 2!
Things that are here:
a +0 club; a +0 chain mail You feel a strong urge to attack something.
You are no longer berserk.
You are exhausted.
You feel yourself slow down.
You open the door.
An ogre comes into view. It is wielding a +0 giant spiked club.
The ogre shouts!
You hit the ogre.
The ogre is moderately wounded.
The ogre hits you with a +0 giant spiked club!!
Ouch! That really hurt!
You die...

##########
#<.#.@O..#
#..').#..+
#..#### +#
#..# #..#
#..# #⌠⌠#
####


You could see an ogre.

Vanquished Creatures
  Ijyb (D)
1 creature vanquished.

Notes
Turn   | Place    | Note
-------+----------+-------------------------------------------
     0 | D        | Htamos the Demigod Fighter began the quest for the Orb.
     0 | D        | Reached XP level 1. HP: 18/18 MP: 3/3
     2 | D        | Noticed Ijyb
    20 | D        | Killed Ijyb
    21 | D        | Reached XP level 2. HP: 16/27 MP: 4/4
    23 | D        | Noticed an ogre
    24 | D        | Demolished by an ogre

Illustrated notes

Levels and vault maps discovered:
D:        dungeon_sprint_1 [red_sonja_temple_1, red_sonja_temple_small_1]

Skill      XL: |  1 |
---------------+----+-----
Fighting       | 3 |  3.7
Maces & Flails | 3 |  3.0
Armour         | 3 |  3.7
Shields        | 3 |  3.7

Action                   || total
-------------------------++-------
Melee: Flail             ||    18
  Use: Potion            ||     1
Armor: Scale mail        ||     6
Dodge: Dodged            ||     6

Table legend: (Time is in decaauts)
 A = Elapsed time spent in this place.
 B = Non-inter-level travel time spent in this place.
 C = Inter-level travel time spent in this place.
 D = Time resting spent in this place.
 E = Time spent auto-exploring this place.
 F = Levels seen in this place.
 G = Mean time per level.
                   A        B        C        D        E       F      G
               +--------+--------+--------+--------+--------+-----+--------+
         Total |     24 |     24 |      0 |      0 |      0 |   1 |   24.0 |
       Dungeon |     24 |     24 |      0 |      0 |      0 |   1 |   24.0 |
               +--------+--------+--------+--------+--------+-----+--------+

Top non-repeatable levels by time:
       D: 24 daAuts
